 Dungeon Crawl Stone Soup version 0.29.1-2-gbd0b4ee654 (webtiles) character file.

Game seed: 1695534816773455559

477 xian the Trooper (level 7, -7/44 HPs)
             Began as a Gargoyle Fighter on Nov 27, 2022.
             Was a Believer of Uskayaw.
             Mangled by an ogre
             ... wielding a +0 giant spiked club
              (14 damage)
             ... on level 4 of the Dungeon.
             The game lasted 00:07:34 (3727 turns).

xian the Trooper (Gargoyle Fighter)                 Turns: 3727, Time: 00:07:35

Health: -7/44      AC: 16    Str: 20 (21) XL:     7   Next: 11%
Magic:  7/7        EV:  9    Int:  9      God:    Uskayaw [**....]
Gold:   227        SH:  4    Dex:  9      Spells: 6/6 levels left

rFire   + . .      SeeInvis .   a - +0 flail
rCold   . . .      Faith    .   c - +0 buckler
rNeg    + . .      Spirit   .   b - +0 scale mail
rPois   ∞          Reflect  .   j - +2 helmet
rElec   +          Harm     .   (no cloak)
rCorr   .          Rampage  .   (no gloves)
Will    .....                   s - +0 pair of boots
Stlth   ..........              (no amulet)
HPRegen 0.14/turn               d - ring of protection from fire
MPRegen 0.10/turn               (no ring)

@: no status effects
A: sickness immunity, AC +4, negative energy resistance 1, electricity
resistance, torment resistance 1, petrification resistance, deterioration 1,
MP-powered wands
a: Renounce Religion, Stomp, Line Pass


You were on level 4 of the Dungeon.
You worshipped Uskayaw.
Uskayaw was noncommittal.
You visited 1 branch of the dungeon, and saw 5 of its levels.

You collected 227 gold pieces.

Inventory:

Hand Weapons
 a - a +0 flail (weapon)
 r - a +2 falchion of protection
Missiles
 k - 3 poisoned darts (quivered)
Armour
 b - a +0 scale mail (worn)
 c - a +0 buckler (worn)
 j - a +2 helmet (worn)
 s - a +0 pair of boots (worn)
Jewellery
 d - a ring of protection from fire (left hand)
Scrolls
 e - a scroll of vulnerability {unknown}
 f - a scroll of enchant armour {unknown}
 i - a scroll of teleportation {unknown}
 l - a scroll of blinking {unknown}
 o - 2 scrolls of magic mapping {unknown}
 q - 2 scrolls of identify {unknown}
 u - a scroll of poison {unknown}
Potions
 g - a potion of mutation
 h - 3 potions of heal wounds
 m - a potion of flight {unknown}
 n - 2 potions of haste {unknown}
 t - 2 potions of invisibility {unknown}
 v - a potion of curing


   Skills:
 + Level 4.7 Fighting
 + Level 4.4 Maces & Flails
 + Level 2.0 Throwing
 + Level 4.6 Armour
 + Level 1.2 Dodging
 + Level 0.2 Stealth
 + Level 4.1 Shields


You had 6 spell levels left.
You didn't know any spells.
Your spell library was empty.

Dungeon Overview and Level Annotations

Branches:
Dungeon (5/15)
 Temple: D:4-7

Altars:
Uskayaw
Yredelemnul

Annotations:
D:4 1 runed translucent door, dornbeast's ghost, amateur PaWr


Innate Abilities, Weirdness & Mutations

You are immune to sickness and miasma.
Your stone body is resilient. (AC +4)
You are immune to poison.
You resist negative energy. (rN+)
You are resistant to electric shocks. (rElec)
You are resistant to unholy torment.
You are immune to petrification.
Your body sometimes deteriorates upon taking damage.
You expend magic power (3 MP) to strengthen your wands.


Message History

The adder attacks as you move away! The adder bites you but does no damage.
You barely miss the ogre.
The ogre hits you with a +0 giant spiked club.
You block the adder's attack.
You hit the ogre.
The ogre is moderately wounded.
The adder barely misses you.
The ogre hits you with a +0 giant spiked club!
You hit the ogre but do no damage.
The ogre is moderately wounded.
The adder bites you but does no damage. You block the adder's attack.
The ogre hits you with a +0 giant spiked club.
You hit the ogre.
The ogre is moderately wounded.
The adder bites you but does no damage.
You barely miss the ogre.
The ogre is moderately wounded.
The adder barely misses you.
The ogre hits you with a +0 giant spiked club.
The adder bites you but does no damage.
You hit the ogre.
The ogre is heavily wounded.
The adder closely misses you. The ogre closely misses you.
You can now pass through a line of other dancers.
You sock the ogre!
The ogre is almost dead.
The adder barely misses you. The adder bites you but does no damage.
The ogre hits you with a +0 giant spiked club!!
* * * LOW HITPOINT WARNING * * *
You barely miss the ogre.
The ogre is almost dead.
The adder closely misses you. x2; The ogre barely misses you.
You completely miss the ogre.
The ogre is almost dead.
You block the adder's attack.
You hit the ogre but do no damage.
The ogre is almost dead.
The adder closely misses you.
The ogre hits you with a +0 giant spiked club!
You die...

#...# ....# ... #...
##.... .. #.# #..##....
..# ##..#### #((.#...
...####....... #.....
..........#... #....#
..........##.. #.).##
#..........#..#
##...#.O##.............##
......##S@..............#
###...####).....#......###
#...# ##.....##......###
.. #..###..####..#...#..##
#K+ #...##.## #...#####..
KK#. #...#).# ##.# #.#
K##.# #......# #. #..
#...####...##.## # ##.
#...#..####>.# ##


You could see an ogre and an adder.

Vanquished Creatures
  Menkaure (D:4)
  A necrophage (D:3)
  A scorpion (D:4)
  A howler monkey (D:4)
  Terence (D:3)
  An iguana (D:4)
  4 gnolls
  4 adders
  An ufetubus (D:4)
  2 dart slugs
  2 orcs
  6 ball pythons
  4 bats
  5 endoplasms
  3 giant cockroaches
  6 goblins
  3 hobgoblins
  2 jackals (D:4)
  7 kobolds
  4 quokkas
  3 frilled lizards
  10 rats
72 creatures vanquished.

Vanquished Creatures (others)
  2 fungi (D:4)
  2 plants (D:4)
4 creatures vanquished.

Grand Total: 76 creatures vanquished

Notes
Turn   | Place    | Note
-------+----------+-------------------------------------------
     0 | D:1      | xian the Gargoyle Fighter began the quest for the Orb.
     0 | D:1      | Reached XP level 1. HP: 14/14 MP: 1/1
   177 | D:1      | Reached XP level 2. HP: 15/19 MP: 2/2
   850 | D:2      | Reached XP level 3. HP: 21/24 MP: 3/3
   896 | D:2      | Found a faded altar of an unknown god.
   907 | D:2      | Prayed at the altar of an unknown god.
   907 | D:2      | Became a worshipper of Uskayaw the Reveller
   907 | D:2      | Reached * piety under Uskayaw
  1697 | D:3      | Noticed Terence
  1704 | D:3      | Killed Terence
  1705 | D:3      | Reached XP level 4. HP: 29/29 MP: 4/4
  1839 | D:3      | Reached ** piety under Uskayaw
  2023 | D:3      | Noticed a necrophage
  2032 | D:3      | Killed a necrophage
  2032 | D:3      | Reached *** piety under Uskayaw
  2033 | D:3      | Reached XP level 5. HP: 33/33 MP: 5/5
  2128 | D:4      | Found a basalt altar of Yredelemnul.
  2719 | D:4      | Found a runed translucent gate.
  2719 | D:4      | Noticed a kobold brigand
  2720 | D:4      | Noticed dornbeast's ghost (amateur PaWr)
  2760 | D:5      | Entered Level 5 of the Dungeon
  3077 | D:4      | Found a hide-covered altar of Uskayaw.
  3102 | D:4      | Reached skill level 1 in Throwing
  3102 | D:4      | Reached XP level 6. HP: 34/38 MP: 6/6
  3422 | D:4      | Noticed Menkaure
  3424 | D:4      | Gained mutation: Your body sometimes deteriorates upon
                  | taking damage. [potion of mutation]
  3424 | D:4      | Gained mutation: You expend magic power (3 MP) to
                  | strengthen your wands. [potion of mutation]
  3429 | D:4      | Killed Menkaure
  3430 | D:4      | Reached skill level 1 in Dodging
  3430 | D:4      | Reached XP level 7. HP: 36/44 MP: 3/7
  3727 | D:4      | Mangled by an ogre

Illustrated notes

Levels and vault maps discovered:
D:1:      dpeg_arrival_rhombus, layout_rooms
D:2:      layout_basic, chequers_ecumenical_altar_simple
D:3:      layout_basic, st_stairs_1, minmay_box_of_dots, uniq_terence
D:4:      layout_layer_cave, mainiacjoe_overflow_large_starburst,
          gammafunk_ghost_nasty_kobolds, kennysheep_generic_room_5,
          uniq_menkaure
D:5:      layout_layer_cave, marbit_many_paths,
          mainiacjoe_overflow_surrounded_room, minmay_temple_entry_junction_2,
          minmay_misc_feat_room, minmay_hedge_maze, kennysheep_diamond,
          dreamdust_mushroom_princess, hangedman_abyss_or_decor_stagger

Skill      XL: |  1  2  3  4  5  6 |
---------------+-------------------+-----
Maces & Flails | 3 4 |  4.4
Armour         | 4 |  4.6
Fighting       | 4 |  4.7
Shields        | 4 |  4.1
Throwing       | 1 2 |  2.0
Dodging        | 1 |  1.2
Stealth        | |  0.2

Action                   |  1- 3 |  4- 6 |  7- 9 || total
-------------------------+-------+-------+-------++-------
Melee: Flail             |   112 |   105 |    26 ||   243
Throw: Dart              |     7 |     7 |     2 ||    16
       Boomerang         |       |    12 |    10 ||    22
Invok: Stomp             |       |     1 |       ||     1
  Use: Potion            |       |     5 |       ||     5
       Scroll            |       |     1 |       ||     1
 Stab: Paralysed         |       |     1 |       ||     1
Armor: Scale mail        |    65 |    84 |    17 ||   166
       Ring mail         |     6 |       |       ||     6
Dodge: Dodged            |    60 |    84 |    24 ||   168
Block: Buckler           |    23 |    32 |     7 ||    62
